AoeStats
← Kaimo70

Golden Pit

510094645Analyzed
1v1 RM · 2d ago on Sep 29, 2026· 31m 56s· 2 players
Game mode
Random Map
Map size
Tiny (2 player)
Population
200
Speed
Normal
Resources
Standard
Victory
Conquest
Starting age
Dark Age
Ending age
Imperial Age
RankedLock teamsTeams togetherTeam positionsShared explorationLock speedFull tech treeHidden civsTurbo modeCheats
Victory
Defeat
🇨🇳 Spanish · China
317
+21
🇪🇸 Franks · Spain
428
-21
76561199640613672
12:12 Feudal Age
12:58 Double-Bit Axe
21:00 Castle Age
22:00 Husbandry
22:19 Gold Mining
23:47 Horse Collar
26:52 Forging
Kaimo70
11:54 Feudal Age
12:42 Town Watch
12:59 Double-Bit Axe
15:27 Gold Mining
16:42 Stone Mining
17:28 Loom
22:14 Castle Age
20:41 Loom
21:45 Scale Barding Armor
24:03 Husbandry
25:06 Gold Shaft Mining
26:08 Bow Saw
29:17 Pikeman
Connection lost

Rejoining the realm…

Still unreachable

The connection could not be restored.

Session expired

The server has moved on; the page needs a fresh start.